Map: Dusk Towers

Players

MisterTopKek

  • Race: Terran Terran
  • League: Master

MythiC - Winner!

  • Race: Terran Terran
  • League: Grandmaster

VOD

Have the link to the VOD?

Description

Time

  • Played on: May 2, 2016, 7:10 p.m.
  • Length: 21:33
Show
View Real Time Build Order
Export as new Build Order

MisterTopKek Terran 

Build Orders: Reaper Expand, Bio Tank 

Get SALT Encoding   

  12  0:01  SCV  
  13  0:13  SCV  
  14  0:19  Supply Depot  
  14  0:25  SCV  
  15  0:40  SCV  
  15  0:42  Barracks  
  16  0:47  Refinery  
  16  0:53  SCV  
  17  1:05  SCV  
  18  1:17  SCV  
  19  1:29  Orbital Command  
  19  1:30  Reaper  
  20  1:44  Command Center  
  20  1:54  Supply Depot  
  20  1:55  SCV  
  21  2:02  Barracks Reactor  
  21  2:07  SCV  
  21  2:08  Refinery  
  21  2:19  SCV  
  22  2:26  Factory  
  22  2:31  SCV  
  22  2:38  Marine x2  
  22  2:43  SCV  
  25  2:56  SCV, Orbital Command  
  25  2:57  Marine x2  
  28  3:08  SCV  
  29  3:15  Factory Tech Lab, Starport, Marine x2  
  31  3:21  SCV x2  
  33  3:30  Supply Depot  
  33  3:33  Marine x2, SCV  
  36  3:35  Cyclone  
  36  3:37  SCV  
  40  3:45  SCV  
  41  3:49  SCV  
  41  3:51  Supply Depot  
  41  3:53  Viking  
  44  3:57  Marine x2  
  44  3:59  SCV  
  47  4:04  SCV  
  48  4:11  SCV  
  47  4:18  Marine x2  
  47  4:19  Siege Tank  
  47  4:21  SCV  
  47  4:23  SCV  
  54  4:30  Engineering Bay  
  54  4:33  SCV  
  54  4:37  Supply Depot  
  55  4:39  SCV  
  55  4:40  Marine x2  
  58  4:45  SCV  
  58  4:51  SCV  
  60  4:57  Command Center  
  60  5:03  SCV  
  60  5:04  Missile Turret x2  
  61  5:09  SCV  
  61  5:11  Missile Turret  
  62  5:15  SCV  
  62  5:16  Barracks Tech Lab  
  62  5:19  Siege Tank  
  66  5:23  Supply Depot, SCV  
  66  5:28  SCV  
  68  5:36  Viking, Stimpack  
  70  5:44  Viking, Supply Depot, Marine  
  70  5:45  SCV x2  
  75  5:51  Siege Tank  
  78  5:57  Barracks  
  78  5:58  Barracks  
  78  6:00  Missile Turret  
  78  6:03  Supply Depot  
  78  6:05  Marine, SCV  
  78  6:07  SCV  
  78  6:10  Orbital Command  
  81  6:13  Refinery  
  81  6:14  Refinery  
  81  6:16  Viking  
  83  6:19  Viking  
  83  6:21  SCV x2  
  87  6:26  Marine  
  88  6:34  SCV  
  88  6:35  Barracks, SCV  
  88  6:36  Barracks  
  90  6:40  Supply Depot  
  90  6:42  Orbital Command  
  90  6:45  Siege Tank  
  90  6:46  Barracks Reactor x2  
  94  6:47  Marine  
  94  6:52  SCV  
  57  7:09  SCV  
  57  7:10  SCV  
  58  7:20  Siege Tank  
  58  7:22  SCV x2  
  63  7:23  Orbital Command  
  63  7:25  Starport Reactor  
  63  7:30  Barracks Reactor  
  63  7:32  Marine x5  
  63  7:34  SCV x2  
  70  7:43  Marine x2  
  72  7:46  SCV x2  
  72  7:48  Terran Infantry Weapons Level 1  
  72  7:50  Marine x2  
  72  7:51  SCV  
  77  7:52  Engineering Bay  
  77  7:58  SCV x2  
  79  8:03  SCV  
  79  8:04  Siege Tank, Combat Shields  
  83  8:09  Medivac  
  83  8:10  SCV x2  
  83  8:11  Medivac  
  89  8:15  SCV  
  89  8:18  Supply Depot  
  90  8:22  SCV  
  89  8:28  Marine x4, SCV x2  
  95  8:34  SCV  
  95  8:38  Terran Infantry Armor Level 1  
  95  8:39  Medivac  
  95  8:40  SCV x2  
  100  8:45  Marine x3  
  100  8:46  SCV  
  104  8:51  Missile Turret  
  104  8:52  SCV x2  
  104  8:53  Missile Turret  
  104  8:55  Refinery  
  106  8:56  Armory  
  106  8:58  SCV  
  106  9:00  Siege Tank  
  110  9:03  Refinery  
  110  9:05  Supply Depot  
  110  9:11  SCV, Sensor Tower  
  110  9:12  SCV, Sensor Tower  
  110  9:13  SCV  
  113  9:23  SCV  
  114  9:24  Marine x5  
  114  9:25  SCV x2  
  121  9:32  Siege Tank  
  121  9:35  SCV  
  125  9:38  Medivac  
  125  9:39  Marine x2, SCV  
  125  9:41  SCV  
  131  9:46  Terran Infantry Weapons Level 2  
  131  9:49  Factory  
  131  9:50  Supply Depot  
  131  9:51  Terran Vehicle Weapons Level 1  
  131  10:04  Marine x2  
  133  10:09  Supply Depot x2  
  133  10:10  Supply Depot  
  133  10:11  Marine x7  
  133  10:13  Supply Depot, Siege Tank  
  143  10:16  Supply Depot  
  143  10:19  Missile Turret  
  143  10:20  Missile Turret  
  143  10:27  Marine x2  
  143  10:28  Medivac x2  
  148  10:35  Factory Tech Lab  
  148  10:38  Barracks  
  148  10:40  Marine x3  
  148  10:41  Barracks x2, Marine x3  
  154  10:46  Siege Tank  
  157  10:55  Marine x2  
  159  10:57  Marine  
  159  10:58  Marine x2, Medivac  
  164  11:05  Terran Infantry Armor Level 2  
  164  11:15  Siege Tank  
  166  11:20  Medivac  
  161  11:28  Command Center, Medivac  
  161  11:31  Marine x6, Barracks Reactor  
  161  11:32  Barracks Reactor  
  169  11:40  Supply Depot  
  169  11:43  Marine x2  
  169  11:45  Supply Depot x2  
  171  11:48  Barracks Reactor  
  171  11:50  Marine x3, Medivac  
  176  11:56  Terran Vehicle Weapons Level 2  
  176  11:58  Medivac  
  175  12:05  Siege Tank  
  175  12:06  Marine x2, Siege Tank  
  178  12:12  Marine x4  
  182  12:20  Medivac  
  172  12:23  Marine x6  
  179  12:34  Marine x2  
  179  12:35  Marine x2  
  179  12:37  Siege Tank  
  179  12:38  Siege Tank  
  179  12:42  Marine x4  
  143  13:00  Marine x3  
  143  13:01  Marine x3  
  143  13:05  Marine x5  
  144  13:18  Marine x3  
  144  13:19  Marine  
  146  13:24  Marine x3  
  149  13:41  Planetary Fortress  
  149  13:48  Marine x3  
  150  13:50  Sensor Tower  
  152  13:58  Barracks Reactor  
  152  14:00  Siege Tank  
  152  14:01  Siege Tank  
  152  14:02  Marine x3  
  161  14:11  Marine x3  
  161  14:12  Marine x5  
  120  14:35  Marine x3  
  120  14:36  Marine  
  120  14:37  Marine x4  
  120  14:38  Marine x2  
  111  14:40  Siege Tank  
  111  14:44  Siege Tank  
  115  14:51  Marine x3  
  115  14:54  Marine x2  
  115  14:55  Marine x5  
  108  15:08  Factory  
  108  15:10  Medivac x2  
  108  15:12  Siege Tank  
  108  15:14  Terran Infantry Weapons Level 3  
  115  15:15  Command Center  
  115  15:21  Siege Tank  
  118  15:28  Refinery  
  118  15:33  Marine x4  
  122  15:40  Medivac x2  
  122  15:41  Marine x7  
  133  15:54  Factory Tech Lab, Siege Tank x2  
  139  16:09  Medivac  
  139  16:10  Medivac  
  141  16:12  Marine x2  
  141  16:18  Siege Tank  
  146  16:24  SCV  
  144  16:26  Siege Tank x2  
  144  16:29  Marine x3  
  152  16:34  Marine  
  152  16:36  Marine x3  
  154  16:50  Siege Tank  
  157  16:59  Medivac x2  
  159  17:03  Marine x3  
  159  17:05  Missile Turret  
  159  17:07  Missile Turret  
  139  17:25  Marine  
  139  17:26  Marine x11  
  124  17:30  Marine x2  
  121  17:43  Marine x6  
  127  17:52  Sensor Tower  
  127  17:55  Marine x2  
  129  18:00  Planetary Fortress  
  127  18:13  Marine x5  
  127  18:18  Cyclone  
  130  18:29  Sensor Tower  
  130  18:36  Siege Tank x2  
  136  18:43  Marine x2  
  136  18:44  Marine x2  
  136  18:48  Marine x2  
  137  18:50  Siege Tank  
  137  18:54  Marine x3  
  145  18:59  Refinery x2  
  145  19:08  Siege Tank x2  
  141  19:10  Marine  
  141  19:11  Marine x6  
  148  19:22  Siege Tank  
  151  19:32  Marine x8  
  151  19:33  Marine  
  151  19:37  Supply Depot  
  160  19:40  Siege Tank x2  
  166  19:46  Marine x3  
  166  19:47  Marine, Sensor Tower  
  170  19:54  Siege Tank  
  168  20:03  Orbital Command  
  168  20:05  Orbital Command  
  118  20:08  Marine x3, Orbital Command  
  118  20:09  Marine  
  118  20:12  Siege Tank  
  118  20:14  Marine  
  106  20:18  Marine  
  106  20:21  Marine  
  100  20:25  Marine  
  100  20:33  Marine x3  
  100  20:34  Marine  
  102  20:42  Marine x2  
  104  20:49  Marine x3  
  107  20:56  Marine x3  
  110  21:00  Marine x2  
  100  21:14  Marine x5  
Show
View Real Time Build Order
Export as new Build Order

MythiC Terran - Winner!

Build Orders: 1/1/1, Bio Tank, Banshee Rush 

Get SALT Encoding   

  12  0:01  SCV  
  13  0:13  SCV  
  14  0:18  Supply Depot  
  14  0:25  SCV  
  15  0:34  Refinery  
  15  0:39  SCV  
  16  0:44  Barracks  
  16  0:51  SCV  
  17  1:05  SCV  
  18  1:17  SCV  
  19  1:33  Supply Depot, Marine  
  19  1:34  Orbital Command  
  19  1:36  Factory  
  19  1:39  Refinery  
  20  1:50  Marine  
  21  1:59  SCV  
  22  2:08  Marine  
  22  2:11  SCV  
  24  2:21  Starport  
  24  2:22  Hellion  
  26  2:23  SCV  
  26  2:26  Supply Depot, Marine  
  28  2:35  SCV  
  29  2:43  Widow Mine  
  31  2:47  Marine  
  31  2:48  SCV  
  31  2:50  Supply Depot  
  33  2:59  Medivac  
  33  3:01  SCV  
  33  3:05  Marine  
  37  3:13  SCV  
  36  3:22  Factory Tech Lab  
  36  3:25  SCV  
  36  3:26  Command Center  
  37  3:33  Barracks Reactor  
  37  3:37  SCV  
  38  3:43  Supply Depot  
  38  3:46  Factory Tech Lab  
  38  3:48  Raven  
  38  3:50  SCV  
  38  3:51  Cloaking Field  
  41  4:02  SCV  
  42  4:14  SCV  
  39  4:20  Marine x2  
  39  4:21  Siege Tank  
  40  4:26  SCV  
  41  4:31  Banshee  
  44  4:39  Orbital Command, SCV  
  44  4:44  Marine x2  
  47  4:51  SCV  
  48  4:56  Siege Tank  
  51  5:01  Supply Depot  
  51  5:02  Marine x2  
  51  5:03  SCV  
  54  5:10  SCV  
  55  5:17  Command Center  
  55  5:22  SCV  
  55  5:23  SCV  
  55  5:26  Refinery  
  55  5:27  Supply Depot  
  55  5:28  Refinery  
  57  5:32  Siege Tank  
  57  5:35  SCV  
  61  5:36  Marine  
  61  5:37  Medivac  
  61  5:39  SCV  
  61  5:41  Supply Depot  
  65  5:47  SCV  
  66  5:51  Viking, SCV  
  69  5:57  Supply Depot  
  69  5:59  Marine, SCV  
  69  6:03  SCV, Stimpack  
  72  6:11  SCV  
  73  6:14  Siege Tank  
  73  6:15  SCV  
  73  6:17  Marine  
  78  6:19  Viking  
  78  6:21  Supply Depot  
  78  6:23  SCV  
  81  6:27  SCV  
  81  6:32  Barracks, Orbital Command  
  82  6:33  Barracks  
  82  6:38  SCV  
  80  6:51  Marine  
  81  6:58  Siege Tank  
  81  6:59  Viking x2, SCV  
  75  7:14  Orbital Command  
  72  7:16  Engineering Bay x2, Barracks x2  
  72  7:18  Supply Depot  
  72  7:19  Supply Depot  
  72  7:20  SCV  
  71  7:22  Barracks Reactor  
  71  7:23  Marine, Barracks Reactor  
  71  7:25  SCV  
  73  7:35  Siege Tank  
  73  7:36  Medivac x2  
  79  7:37  SCV  
  80  7:44  Marine  
  80  7:45  SCV  
  80  7:47  SCV  
  80  7:49  SCV  
  84  7:53  Refinery  
  84  7:54  Terran Infantry Weapons Level 1, Terran Infantry Armor Level 1  
  84  7:57  SCV  
  85  7:59  SCV  
  85  8:00  Marine x2  
  85  8:01  Factory, Marine x2  
  93  8:06  Barracks Reactor  
  93  8:07  Marine  
  91  8:13  Barracks Reactor  
  91  8:14  SCV  
  91  8:18  Marine x3, SCV  
  91  8:19  Marine, SCV  
  97  8:25  Marine  
  97  8:26  SCV  
  93  8:29  Siege Tank, Medivac x2  
  93  8:31  SCV x2  
  98  8:36  Marine x2  
  98  8:37  Marine x2  
  98  8:38  SCV  
  103  8:43  Marine x2, SCV  
  103  8:44  Marine, Command Center  
  107  8:49  Marine x2  
  107  8:54  Supply Depot x2, Marine x2  
  107  8:55  Marine  
  112  8:57  Armory  
  112  9:04  Marine x3, Missile Turret x2  
  112  9:05  Missile Turret  
  112  9:09  Marine x3  
  116  9:10  Siege Tank  
  116  9:11  Combat Shields  
  116  9:17  Factory Tech Lab, Refinery, Marine x2  
  121  9:23  Medivac x2  
  127  9:25  SCV  
  127  9:31  Marine x2  
  127  9:32  Marine x2  
  127  9:34  Marine x2  
  133  9:41  Marine x3, Sensor Tower  
  133  9:44  Sensor Tower  
  136  9:49  Marine x2  
  136  9:50  Marine x2  
  136  9:52  Siege Tank  
  143  9:53  Medivac  
  143  9:55  Supply Depot  
  143  9:57  Supply Depot x2  
  145  10:04  Marine x4  
  148  10:08  Marine x2  
  148  10:09  Marine x2, Siege Tank  
  148  10:10  Medivac  
  148  10:11  Marine  
  158  10:17  Sensor Tower  
  157  10:22  Marine x3  
  157  10:23  Terran Infantry Weapons Level 2, Marine  
  161  10:30  Supply Depot x2, SCV  
  161  10:31  SCV x2, Planetary Fortress  
  161  10:35  Marine x3  
  164  10:39  Marine x2  
  164  10:41  Marine x2  
  171  10:44  Marine x2  
  171  10:47  Missile Turret x2  
  173  10:55  Siege Tank x2  
  179  11:02  Terran Infantry Armor Level 2  
  179  11:03  Marine x2  
  181  11:07  Terran Vehicle Weapons Level 1  
  181  11:08  Marine  
  181  11:09  Marine  
  182  11:14  Marine x3  
  182  11:15  Medivac x2  
  186  11:25  Marine x2  
  188  11:28  Marine x2  
  188  11:29  Siege Tank x2  
  195  11:33  Command Center  
  195  11:34  Marine x2  
  195  11:37  Marine x2  
  197  11:47  Marine x2  
  197  11:48  Marine  
  200  11:58  Marine  
  198  12:37  Marine x2  
  193  12:48  Factory  
  193  12:49  Starport, Barracks x2  
  193  12:50  Refinery, Orbital Command  
  193  12:51  Refinery, Barracks  
  188  12:52  Marine x2  
  188  12:53  Marine  
  188  12:54  Command Center  
  188  12:56  Marine x2  
  188  12:57  Marine, Siege Tank x2, Medivac  
  188  12:58  Medivac  
  159  13:01  Marine  
  159  13:02  Marine x2  
  159  13:03  Terran Infantry Weapons Level 3  
  159  13:04  Terran Vehicle Weapons Level 2  
  148  13:10  Marine x2  
  148  13:11  Marine  
  151  13:14  Marine x2  
  151  13:18  Marine  
  151  13:19  Marine  
  151  13:20  Marine x2  
  153  13:28  Marine  
  153  13:29  Siege Tank x2  
  153  13:31  Marine x2  
  153  13:32  Marine, SCV x3  
  153  13:33  Factory Tech Lab, SCV x2  
  168  13:35  Marine  
  168  13:36  Marine  
  168  13:39  Viking x3  
  176  13:44  SCV  
  176  13:46  Marine  
  176  13:47  Marine x5  
  182  13:52  Siege Tank  
  183  13:59  Terran Infantry Armor Level 3  
  183  14:00  Marine x3  
  183  14:01  Siege Tank  
  189  14:09  Viking x3  
  195  14:10  Marine x2  
  190  14:25  Marine  
  190  14:26  Marine x6  
  190  14:27  Marine x3  
  190  14:28  Siege Tank x2  
  190  14:29  Sensor Tower  
  190  14:31  Marine x2  
  156  14:34  Siege Tank  
  144  14:43  Marine x3  
  144  14:44  Marine x4  
  144  14:45  Marine x3  
  149  14:48  Marine  
  145  14:56  Marine  
  148  15:00  Siege Tank x2  
  148  15:01  Marine  
  148  15:02  Viking x2, Marine x2  
  148  15:05  Marine x2  
  157  15:13  Orbital Command  
  157  15:16  Marine x2  
  157  15:17  Marine x5  
  157  15:18  Siege Tank  
  157  15:19  Marine  
  168  15:29  Marine x4  
  168  15:31  Medivac x2  
  168  15:32  Medivac  
  178  15:36  Marine x4  
  182  15:43  Marine x2  
  182  15:45  Marine x2  
  182  15:46  Marine  
  187  15:57  Planetary Fortress  
  187  16:04  Sensor Tower  
  187  16:15  Marine x3  
  190  16:19  Marine x5  
  190  16:20  Siege Tank  
  195  16:34  Marine x3  
  197  16:49  Marine x3  
  196  16:57  Marine x2  
  196  16:58  Marine  
  188  17:17  Marine x4  
  188  17:18  Marine, Siege Tank x2  
  188  17:21  Marine x2  
  189  17:29  Marine x5  
  166  17:31  Siege Tank  
  166  17:35  Marine x5  
  169  17:39  Marine x2  
  169  17:40  Medivac x3  
  169  17:43  Command Center  
  177  17:46  Marine x2  
  177  17:47  Marine x3  
  177  17:50  Siege Tank  
  177  17:51  Siege Tank, Terran Vehicle Weapons Level 3  
  188  17:53  Marine x4  
  188  17:55  Refinery  
  188  17:56  Barracks  
  188  17:57  Refinery, Barracks  
  192  18:00  Marine  
  192  18:01  Factory, Marine x2  
  192  18:03  Siege Tank  
  192  18:04  Marine x2  
  200  18:10  Viking  
  200  18:18  Marine x5  
  195  19:03  Marine x2  
  195  19:06  Marine x2  
  188  19:12  Marine x4  
  192  19:19  Marine x4  
  196  19:26  Marine x4  
  196  19:30  Marine  
  200  19:34  Factory Tech Lab, Barracks Reactor  
  200  19:36  Barracks Reactor  
  200  19:57  Marine x2  
  194  20:00  Marine x2  
  194  20:01  Marine x2  
  194  20:02  Marine x3  
  194  20:03  Marine x3  
  194  20:04  Siege Tank x4  
  190  20:12  Marine  
  190  20:13  Marine  
  177  20:15  Marine x3  
  177  20:16  Marine  
  177  20:18  Marine x2  
  177  20:19  Marine x3  
  177  20:20  Marine x2  
  177  20:21  Marine x3  
  175  20:25  Viking x2  
  175  20:30  Marine x2  
  175  20:33  Marine x2  
  179  20:36  Marine x3, Siege Tank x2  
  179  20:42  Marine x3  
  188  20:43  Marine x4  
  188  20:44  Viking, Siege Tank  
  199  21:03  Marine  
  197  21:11  Marine x2  
Tags
 
Add a new tag
Caveats
  • Supply blocks, unpowered buildings, or Contaminate may cause inaccurate times.
  • Supply counts are checked every 10 seconds.